cohdb
Replays
Latest Replays
All Replays
Popular Replays
Top Player Replays
Match Explorer
How It Works
Community
CoH3 Stats
Reddit
Sign in to upload your games and track your stats! →
Sign in with Steam
Match 45905850
Unlisted
Match 45905850
Overview
Messages
Build Orders
End
Kradschützen Motorcycle Team
Kradschützen Motorcycle Team
Selects Armored Support Battlegroup
Panzergrenadier Squad
250 Light Carrier
Construct Light Support Kompanie
Selects Superior Fire Drills
Combat Half-tracks
Panzerpioneer Squad
Construct Mechanized Kompanie
MG34 Team
Panzerjäger Mechanized Group
8 Rad Armored Car
AkvaBr
BIOHAZARD
0
0
Comments
sign in to comment!
No comments posted yet!